 Dungeon Crawl Stone Soup version 0.23.2-11-gf996548c65 (webtiles) character file.

Game seed: 6572223441754923320

154 VAZYLA the Sneak (level 5, 0/39 HPs)
             Began as a Vampire Assassin on June 4, 2019.
             Killed from afar by an orc wizard (4 damage)
             ... with a puff of frost
             ... on level 4 of the Dungeon.
             The game lasted 00:13:33 (3152 turns).

VAZYLA the Sneak (Vampire Assassin)                 Turns: 3152, Time: 00:13:34

Health: 0/39       AC:  6    Str: 10    XL:     5   Next: 13%
Magic:  5/5        EV: 11    Int: 14    God:
Gold:   192        SH:  0    Dex: 16    Spells: 4/4 levels left

rFire    . . .     SeeInvis +   E - +2 dagger
rCold    + . .     Gourm    .   (no shield)
rNeg     + + .     Faith    .   j - +0 ring mail
rPois    +         Spirit   .   (no helmet)
rElec    .         Reflect  .   d - +0 cloak
rCorr    .         Harm     .   (no gloves)
MR       .....                  (no boots)
Stlth    ++++......             (no amulet)
HPRegen  0.06/turn              t - ring of wizardry
MPRegen  0.09/turn              (no ring)

@: regenerating slowly
A: fangs 3, see invisible, unbreathing
a: Bat Form


You were on level 4 of the Dungeon.
You were very thirsty.

You visited 1 branch of the dungeon, and saw 4 of its levels.

You collected 192 gold pieces.

Inventory:

Hand Weapons
 a - a +2 dagger of distortion
 b - a +0 blowgun
 A - a +1 short sword of flaming
 E - a +2 dagger (weapon)
Missiles
 e - 32 poisoned needles
 f - 2 curare-tipped needles
 x - a throwing net (quivered)
Armour
 c - a +0 robe
 d - a +0 cloak (worn)
 g - a +0 leather armour
 j - a +0 ring mail (worn)
Jewellery
 s - a cursed -6 ring of intelligence
 t - a ring of wizardry (left hand)
Wands
 w - a wand of digging (4)
 C - a wand of iceblast (10)
Scrolls
 h - a scroll of immolation {unknown}
 i - a scroll of remove curse
 k - a scroll of fog
 l - 2 scrolls of identify
 m - a scroll of enchant armour {unknown}
 o - a scroll of amnesia {unknown}
 u - 5 scrolls of teleportation
 y - a scroll of magic mapping {unknown}
 D - a scroll of blinking {unknown}
Potions
 n - a potion of mutation {unknown}
 p - a potion of lignification {unknown}
 q - 7 potions of blood
 r - a potion of curing {unknown}
 v - a potion of magic
 z - a potion of flight
 B - a potion of might {unknown}


   Skills:
 + Level 2.6 Fighting
 + Level 3.2 Short Blades
 + Level 2.3 Throwing
 + Level 2.5 Dodging
 + Level 6.8 Stealth


You had 4 spell levels left.
You didn't know any spells.
Your spell library was empty.

Dungeon Overview and Level Annotations

Branches:
Dungeon (4/15)
 Temple: D:4-7

Altars:
Wu Jian
The Shining One


Innate Abilities, Weirdness & Mutations

You heal slowly.
You have razor-sharp teeth.
You have supernaturally acute eyesight. (SInv)
You can survive without breathing.


Message History

The orc wizard hits you with a +0 dagger.
* * * LOW HITPOINT WARNING * * *
You barely miss the orc wizard. Your bite misses the orc wizard.
The orc wizard is almost dead.
The orc wizard hits you but does no damage.
You closely miss the orc wizard.
You bite the orc wizard, but do no damage.
The orc wizard is almost dead.
The orc wizard barely misses you. x2
You closely miss the orc wizard.
You bite the orc wizard, but do no damage.
The orc wizard is almost dead.
The orc wizard gestures at you while chanting.
The puff of flame hits you!
* * * LOW HITPOINT WARNING * * *
You hit the orc wizard but do no damage.
The orc wizard is almost dead.
The orc wizard gestures at you while chanting.
The puff of frost hits you. You resist.
You die...

....... .# #
##...#..#.## .#
#...<....... .#
####.##.##.######.#..
#.# >..........#.# #.#
###........#.# # #.#
#....?...#.#.# .. ..#
#.######.#.#.# ... ###
.#....o@..#.#
...######......#.###.#
. .§§§...#######.###.#
..§#§§......†........#
....§§#...........####
....§##...........+.#
..... #........)..#.#
..#.. #.####........#
# #..#..######....###


You could see an orc wizard.

Vanquished Creatures
  Ijyb (D:3)
  3 gnolls
  2 adders
  An ooze (D:1)
  A worm (D:3)
  3 dart slugs
  4 leopard geckos
  4 orcs
  6 bats
  2 giant cockroaches (D:3)
  8 goblins
  10 hobgoblins
  3 kobolds (D:1)
  4 quokkas
  2 frilled lizards (D:1)
  3 rats
57 creatures vanquished.

Notes
Turn   | Place    | Note
-------+----------+-------------------------------------------
     0 | D:1      | VAZYLA the Vampire Assassin began the quest for the Orb.
     0 | D:1      | Reached XP level 1. HP: 16/16 MP: 1/1
    60 | D:1      | Reached skill level 6 in Stealth
   159 | D:1      | Reached XP level 2. HP: 22/22 MP: 2/2
   576 | D:2      | Reached XP level 3. HP: 27/27 MP: 3/3
   813 | D:2      | Found an ornate altar of the Wu Jian Council.
  1122 | D:3      | Found a glowing golden altar of the Shining One.
  1684 | D:2      | Reached XP level 4. HP: 9/34 MP: 1/4
  2817 | D:3      | Noticed Ijyb
  2836 | D:3      | Killed Ijyb
  2836 | D:3      | Reached XP level 5. HP: 36/39 MP: 5/5
  3152 | D:4      | Killed from afar by an orc wizard

Skill      XL: |  1  2  3  4 |
---------------+-------------+-----
Stealth        | 6 |  6.8
Fighting       | 2 |  2.6
Throwing       | 2 |  2.3
Dodging        | 2 |  2.5
Short Blades   | 3 |  3.2

Action                   |  1- 3 |  4- 6 || total
-------------------------+-------+-------++-------
Melee: Dagger            |   115 |    68 ||   183
       Bite              |     5 |     9 ||    14
 Fire: Blowgun           |     6 |    10 ||    16
 Abil: Bat Form          |     3 |       ||     3
       End Transformatio |     2 |     1 ||     3
  Use: Potion            |     1 |     4 ||     5
       Scroll            |       |     5 ||     5
 Stab: Sleeping          |    15 |     7 ||    22
Armor: Robe              |     6 |       ||     6
       Ring mail         |    27 |    20 ||    47
Dodge: Dodged            |    67 |    40 ||   107
